 Dungeon Crawl Stone Soup version 0.29.1-1-gd02db6906a (webtiles) character file.

Game seed: 10277188246697525325

3 SSird the Caller (level 1, -1/13 HPs)
             Began as a Barachi Summoner on Sept 15, 2022.
             Slain by a ball python (2 damage)
             ... on level 1 of the Dungeon.
             The game lasted 00:02:45 (432 turns).

SSird the Caller (Barachi Summoner)                  Turns: 432, Time: 00:02:45

Health: -1/13      AC:  2    Str:  9    XL:     1   Next: 50%
Magic:  0/3        EV: 12    Int: 15    God:
Gold:   11         SH:  0    Dex: 12    Spells: 3/4 levels left

rFire   . . .      SeeInvis .   a - +0 sling
rCold   . . .      Faith    .   (no shield)
rNeg    . . .      Spirit   .   c - +0 robe
rPois   .          Reflect  .   (no helmet)
rElec   .          Harm     .   (no cloak)
rCorr   .          Rampage  .   (no gloves)
Will    .....                   (no boots)
Stlth   ++........              (no amulet)
HPRegen 0.04/turn               (no ring)
MPRegen 0.08/turn               (no ring)

@: unable to hop, very slightly contaminated, slow
A: amphibious, slowness 1, strong legs 1, +LOS
a: Hop


You were on level 1 of the Dungeon.
You visited 1 branch of the dungeon, and saw 2 of its levels.

You collected 11 gold pieces.

Inventory:

Hand Weapons
 a - a +0 sling (weapon)
Armour
 c - a +0 robe (worn)
Scrolls
 d - a scroll of identify {unknown}
Potions
 b - a potion of magic


   Skills:
 + Level 2.2 Dodging
 + Level 1.8 Stealth
 * Level 2.3 Spellcasting
 + Level 4.8 Summonings


You had 3 spell levels left.
You knew the following spells:

 Your Spells              Type           Power      Damage    Failure   Level
a - Summon Small Mammal   Summ           64%        N/A       3%          1

Your spell library contained the following spells:

 Spells                   Type           Power      Damage    Failure   Level
 Call Imp                 Summ           16%        N/A       4%          2
 Call Canine Familiar     Summ           16%        N/A       9%          3
 Summon Guardian Golem    Hex/Summ       9%         N/A       24%         3
 Scorch                   Fire           2%         2d5       32%         2
 Summon Lightning Spire   Summ/Air       9%         N/A       61%         4
 Flame Wave               Conj/Fire      1%         2d4       91%         4
 Summon Cactus Giant      Summ           8%         N/A       99%         6


Dungeon Overview and Level Annotations

Branches:
Dungeon (2/15)

Altars:


Innate Abilities, Weirdness & Mutations

You are amphibious.
You cover ground slowly.
You can hop short distances.
You have an extended range of vision and can be seen from far away.


Message History

You miscast Summon Small Mammal.
You are very lightly contaminated with residual magic.
Nothing appears to happen.
Your bat barely misses the ball python.
Your bat closely misses the ball python.
The ball python closely misses your bat.
The ball python grabs your bat. The ball python constricts your bat.
The jackal bites you.
Your bat hits the ball python. The ball python bites your bat.
The ball python constricts your bat.
Unknown command.
Your bat hits the ball python.
Your bat struggles to escape constriction. x2
The ball python loses its grip on your bat.
The jackal barely misses you.
Unknown command.
Casting: Summon Small Mammal (safe; 3% risk of failure)
Confirm with . or Enter, or press ? or * to list all spells.
Your bat misses the ball python. The jackal bites you.
* * * LOW HITPOINT WARNING * * *
Your bat hits the jackal.
The jackal bites you but does no damage.
The ball python bites you.
* * * LOW HITPOINT WARNING * * *
The ball python grabs you. The ball python constricts you.
The jackal bites you but does no damage.
Unknown command.
You escape the ball python's grasp.
Your bat misses the ball python. The ball python barely misses your bat.
The ball python grabs your bat. The ball python constricts your bat.
Your bat dies!
Your bat's corpse disappears in a puff of smoke!
The jackal bites your quokka but does no damage.
Your quokka bites the jackal.
Fire: a) +0 sling
Press: ? - help, Q - select action, (/) - cycle Shift-Dir - straight line, f - jackal
Aim: a jackal (heavily wounded, not watching you, ally target, 43% to hit)
You shoot a sling bullet. The sling bullet hits the jackal.
You kill the jackal!
Your quokka completely misses the ball python.
The ball python bites you.
You die...

+....+...######.########
+..<.+...# #.# #
+....+..># #.########
+....+...# #.........
++++++#..# #.........
#.....#..#### #########.
#.......†...# #.
#.###.#rS##.# #. #..@.#
#. #..#..# #. #..#?.# #.
... #..# ......... ..#
#... ......... ....
..... ##.#####. ...
.#### #. . .. #. . #.


You could see a ball python (ally target) and a friendly quokka (summoned).

Vanquished Creatures
  2 jackals
2 creatures vanquished.

Vanquished Creatures (collateral kills)
  A quokka (D:1)
  A rat (D:1)
2 creatures vanquished.

Grand Total: 4 creatures vanquished

Notes
Turn   | Place    | Note
-------+----------+-------------------------------------------
     0 | D:1      | SSird the Barachi Summoner began the quest for the Orb.
     0 | D:1      | Reached XP level 1. HP: 13/13 MP: 3/3
   293 | D:1      | You fall into a shaft and drop 1 floor!
   432 | D:1      | Slain by a ball python

Illustrated notes

Levels and vault maps discovered:
D:1:      lightli_arrival_maybe_door_vault, layout_basic,
          dreamdust_princess_bridge, columned_hall_lemuel
D:2:      layout_basic, serial_shops, shop, uniq_sigmund

Action                   || total
-------------------------++-------
Melee: Unarmed           ||     3
 Fire: Sling             ||     3
 Cast: Summon Small Mamm ||     9
 Abil: Hop               ||     1
Armor: Robe              ||     6
Dodge: Dodged            ||     7
